 Dungeon Crawl Stone Soup version 0.20-a0-537-g052e6ba (webtiles) character file.

109400 Rhoefr the Unseen (level 16, -2/90 HPs)
             Began as a Vine Stalker Assassin on Jan 28, 2017.
             Was a High Priest of Uskayaw.
             Slain by a naga warrior
             ... wielding a +0 glaive
              (7 damage)
             ... on level 2 of the Snake Pit.
             The game lasted 01:10:24 (19452 turns).

Rhoefr the Unseen (Vine Stalker Assassin)          Turns: 19452, Time: 01:10:25

Health: -2/90      AC: 15    Str: 19    XL:     16   Next: 52%
Magic:  0/22       EV: 27    Int: 14    God:    Uskayaw [*****.]
Gold:   1710       SH: 18    Dex: 28    Spells: 15/15 levels left

rFire    + . .     SeeInvis +   a - +1 dagger of Plunder {speed, -Tele *Rage rPois Dex+8}
rCold    + + .     Gourm    .   Y - +1 ring mail "Dety" {rElec rC++ SInv}
rNeg     + + .     Faith    .   o - +5 shield "Ginelarph" {SInv}
rPois    +         Spirit   +   E - +2 helmet {Int+3}
rElec    +         Reflect  .   I - +1 cloak "Doecu" {*Contam +Inv rF+ Slay+2}
rCorr    .         Harm     .   k - +1 pair of gloves
MR       ++...     Rnd*Rage +   (no boots)
Stlth    ++++++++.. NoTele   +  w - amulet of regeneration
Regen    1.5/turn               H - +6 ring of evasion
                                c - ring "Joavon" {rN++ Stlth+}

@: lethally poisoned (-2 -> -2), very slightly contaminated, hasted, invisible,
very quick
A: fangs 3, blurry vision 1, low mp 1, regeneration 2, strong 1, magic shield,
antimagic bite, no potion heal 3, rot immunity
a: Stomp, Line Pass, Grand Finale, Renounce Religion, Turn Visible


You were on level 2 of the Snake Pit.
You worshipped Uskayaw.
Uskayaw was noncommittal.
You were hungry.

You visited 5 branches of the dungeon, and saw 22 of its levels.
You also visited: Sewer, Ice Cave and Volcano.

You collected 2433 gold pieces.
You spent 723 gold pieces at shops.

Inventory:

Hand Weapons
 a - the +1 dagger of Plunder (weapon) {speed, -Tele *Rage rPois Dex+8}
   (You found it on level 4 of the Dungeon)

   Attacks with this weapon are significantly faster.
   It affects your dexterity (+8).
   It protects you from poison.
   It prevents most forms of teleportation.
   It may make you go berserk in combat.
 b - a +1 blowgun
Missiles
 e - 53 poisoned needles
 f - 8 curare-tipped needles
 F - 4 throwing nets (quivered)
 M - 11 javelins
Armour
 k - a +1 pair of gloves (worn)
 o - the +5 shield "Ginelarph" (worn) {SInv}
   (You took it off Donald on level 2 of the Orcish Mines)

   It lets you see invisible.
 E - a +2 helmet of intelligence (worn)
 G - the +1 robe "Ruygiuck" {+Fly rF+ rC- Dex+8}
   (You found it on level 8 of the Dungeon)

   It affects your dexterity (+8).
   It protects you from fire.
   It makes you vulnerable to cold.
   It lets you fly.
 I - the +1 cloak "Doecu" (worn) {*Contam +Inv rF+ Slay+2}
   (You found it on level 7 of the Dungeon)

   It affects your accuracy and damage with ranged weapons and melee attacks
   (+2).
   It protects you from fire.
   It lets you turn invisible.
   It causes magical contamination when unequipped.
 U - the +1 buckler "Haur" {-Cast +Fly rPois}
   (You found it on level 7 of the Dungeon)

   It protects you from poison.
   It lets you fly.
   It prevents spellcasting.
 Y - the +1 ring mail "Dety" (worn) {rElec rC++ SInv}
   (You found it on level 7 of the Dungeon)

   It greatly protects you from cold.
   It insulates you from electricity.
   It lets you see invisible.
Jewellery
 c - the ring "Joavon" (left hand) {rN++ Stlth+}
   (You bought it in a shop on level 8 of the Dungeon)

   [ring of stealth]

   It greatly protects you from negative energy.
   It makes you more stealthy.
 w - an amulet of regeneration (around neck)
 D - a +4 ring of evasion
 H - a +6 ring of evasion (right hand)
 L - an uncursed ring of protection from cold
Wands
 p - a wand of iceblast (9/15)
 s - a wand of clouds (5/9)
 A - a wand of digging (22/24)
 C - a wand of paralysis (7/24)
 O - a wand of iceblast (9/15)
 P - a wand of paralysis (12/24)
 R - a wand of lightning (9/15)
 T - a wand of polymorph (14/24)
 W - a wand of digging (15/24)
Scrolls
 h - 2 scrolls of identify
 l - 3 scrolls of amnesia {unknown}
 n - 3 scrolls of enchant armour
 u - 4 scrolls of enchant weapon
 y - 10 scrolls of teleportation {unknown}
 J - 2 scrolls of recharging
 N - 3 scrolls of random uselessness {unknown}
 Q - a scroll of fog
 S - a scroll of summoning
 V - 2 scrolls of holy word
 Z - 11 scrolls of remove curse
Potions
 d - 4 potions of agility
 i - 4 potions of haste
 j - 2 potions of magic
 t - 6 potions of curing
 v - 4 potions of might
 x - a potion of resistance
 z - a potion of flight
 B - 5 potions of berserk rage
 K - a potion of cancellation
 X - 4 potions of brilliance
Comestibles
 g - 20 bread rations
 m - 14 fruits
 q - 12 meat rations
 r - 15 royal jellies


   Skills:
 * Level 12.7 Fighting
 - Level 5.3 Short Blades
 - Level 1.7 Throwing
 - Level 6.6 Armour
 * Level 11.6 Dodging
 + Level 17.5 Stealth
 * Level 8.4 Shields
 + Level 10.2 Evocations


You had 15 spell levels left.
You didn't know any spells.

Dungeon Overview and Level Annotations

Branches:
Dungeon (11/15)            Temple (1/1) D:6            Lair (6/6) D:11
 Shoals (0/4) Lair:3        Snake (2/4) Lair:3        Slime (0/5) Lair:5
    Orc (2/2) D:10            Elf (0/3) Orc:2

Altars:
Ashenzari
Cheibriados
Dithmenos
Elyvilon
Fedhas
Gozag
Hepliaklqana
Kikubaaqudgha
Makhleb
Nemelex Xobeh
Okawaru
Qazlal
Ru
Sif Muna
Trog
Uskayaw
Vehumet
Xom
Yredelemnul
Zin
The Shining One
Beogh

Shops:
D:4 [   D:5 !   D:8 [*=   D:10 ?*   Orc:2 [}:(

Annotations:
Lair:6 exclusion: oklob plant
Snake:2 Vashnia


Innate Abilities, Weirdness & Mutations

You have razor-sharp teeth.
You heal very quickly.
When hurt, damage is shared between your health and your magic reserves.
Your bite disrupts and absorbs the magic of your enemies.
Potions cannot restore your health.
You are immune to rotting.
Scrolls take you a little longer to read.
Your magical capacity is low. (-10% MP)
Your muscles are strong. (Str +2)


Message History

Uskayaw links your audience in an emotional bond!
A naga comes into view. It is wielding a battleaxe.
You feel sick. The naga mage spits poison at you.
The splash of poison misses you.
The naga sharpshooter shoots an arrow.
The arrow hits you!
* * * LOW HITPOINT WARNING * * *
The guardian serpent coils itself and performs some mystic snake dance.
The naga mage blinks!
The salamander blinks!
The naga mage blinks!
The naga sharpshooter blinks!
The naga warrior blinks!
The naga sharpshooter blinks!
The naga warrior hits you with a trident!
* * * LOW HITPOINT WARNING * * *
You block the naga warrior's attack.
You see here an arrow.
You hit the naga sharpshooter.
You bite the naga sharpshooter, but do no damage.
The naga sharpshooter is moderately wounded.
The naga warrior hits you with a glaive!
You die...

##8###8###8#)# ....
###########.# ....# #..#
#..##.### ...... ##.##
#.[...... ...... #..#
#.####### ...N.§######§#
#.#
.NN..§§......###(#######
....§SNNN..(............
....NNN@N§.(.###.##.##.#
.§....NNN..((# #.##.##.#
...#########)###)..[.#.#
.. #..#####..#.# ##.#
#..#.# ####'### #..#.#
#(.....# #..#.# #......#
#..#.. #......# #..###


You could see Vashnia, 3 naga warriors, 3 naga sharpshooters, a salamander, a
naga ritualist, a guardian serpent, 2 naga magi and 2 nagas.

Vanquished Creatures
  Rupert (Lair:5)
  Donald (Orc:2)
  2 nagarajas (Snake:2)
  A frost giant (IceCv)
  An orc warlord (Orc:1)
  A fire dragon (Volcano)
  10 naga warriors
  3 hydras
  An ogre mage (Orc:2)
  3 anacondas
  A centaur warrior (D:10)
  3 catoblepae (Lair:6)
  4 two-headed ogres
  20 death yaks
  A hell hog (Volcano)
  3 shock serpents
  Urug (D:11)
  Nergalle (Orc:2)
  The ghost of MirrMurr the Thaumaturge, a novice GrWz of Vehumet (D:8)
  A salamander mystic (Snake:2)
  A naga ritualist (Snake:1)
  An orc knight (Orc:1)
  3 mana vipers
  An ugly thing (D:11)
  10 orc sorcerers
  2 manticores (Lair:6)
  An elephant (D:11)
  7 salamanders
  20 black mambas
  3 guardian serpents
  A centaur zombie (D:11)
  5 naga magi
  A gargoyle (D:11)
  Psyche (D:9)
  12 spiny frogs
  7 rime drakes
  3 komodo dragons
  A queen bee (D:10)
  3 trolls
  A harpy skeleton (D:11)
  18 polar bears
  A hornet (D:10)
  7 blink frogs (Lair:3)
  2 slime creatures
  A meliai zombie (D:11)
  21 dream sheep
  6 hippogriffs
  2 wyverns
  A shadow (D:11)
  9 fire bats (Volcano)
  45 yaks
  Eustachio (D:4)
  5 basilisks
  3 steam dragons
  3 vampire mosquitoes (Lair:1)
  2 wargs (Orc:1)
  An insubstantial wisp (Lair:1)
  20 nagas
  10 porcupines
  14 water moccasins
  3 sky beasts
  Duvessa (D:4)
  Purgy (Sewer)
  22 orc warriors
  3 phantoms
  2 ice beasts
  2 hornet zombies
  An eye of draining (D:11)
  A swamp drake (D:10)
  15 ogres
  31 wolves
  5 centaurs
  10 crocodiles
  Blork the orc (D:6)
  11 bullfrogs
  Dowan (D:4)
  A water moccasin skeleton (D:4)
  2 scorpions
  23 killer bees
  8 wights
  6 howler monkeys
  2 electric eels
  4 crimson imps
  A bullfrog zombie (D:11)
  6 hounds
  14 jellies
  23 orc priests
  29 orc wizards
  2 bullfrog skeletons (D:6)
  A gnoll shaman (D:5)
  Crazy Yiuf (D:4)
  4 centaur skeletons
  Terence (D:3)
  4 iguanas
  11 worker ants
  A hound zombie (D:10)
  A hound skeleton (D:8)
  14 gnolls
  12 adders
  5 shadow imps
  14 oozes
  2 adder skeletons (D:6)
  A worm (D:6)
  2 dart slugs
  5 leopard geckos
  111 orcs
  9 giant cockroaches
  10 goblins
  10 hobgoblins
  3 quokkas
  4 ball pythons
  5 bats
  4 frilled lizards
  A jackal zombie (D:5)
  11 kobolds
  A quokka zombie (D:5)
  7 rats
802 creatures vanquished.

Vanquished Creatures (others)
  2 fungi (Lair:1)
  4 plants (Lair:5)
6 creatures vanquished.

Grand Total: 808 creatures vanquished

Notes
Turn   | Place    | Note
-------+----------+-------------------------------------------
     0 | D:1      | Rhoefr the Vine Stalker Assassin began the quest for the Orb.
     0 | D:1      | Reached XP level 1. HP: 11/11 MP: 2/2
    24 | D:1      | Reached skill level 5 in Stealth
    52 | D:1      | Reached XP level 2. HP: 14/15 MP: 3/3
   483 | D:1      | Reached XP level 3. HP: 16/18 MP: 4/4
   907 | D:1      | Reached skill level 6 in Stealth
  1036 | D:2      | Gained mutation: Your natural rate of healing is unusually fast. [Vine Stalker growth]
  1036 | D:2      | Reached XP level 4. HP: 23/23 MP: 5/5
  1371 | D:3      | Noticed Terence
  1393 | D:3      | Killed Terence
  1393 | D:3      | Reached skill level 7 in Stealth
  1393 | D:3      | Reached XP level 5. HP: 20/26 MP: 4/6
  1493 | D:3      | Found a shimmering altar of Xom.
  1525 | D:3      | Gained mutation: Scrolls take you a little longer to read. [potion of mutation]
  1525 | D:3      | Gained mutation: Your muscles are strong. (Str +2) [potion of mutation]
  1525 | D:3      | Gained mutation: Your magical capacity is low. (-10% MP) [potion of mutation]
  2088 | D:4      | Reached skill level 8 in Stealth
  2088 | D:4      | Reached XP level 6. HP: 30/30 MP: 6/6
  2125 | D:4      | Noticed Duvessa
  2126 | D:4      | Noticed Dowan
  2127 | D:4      | Killed Duvessa
  2137 | D:4      | Killed Dowan
  2148 | D:4      | Found a runed door.
  2152 | D:4      | Noticed Crazy Yiuf
  2156 | D:4      | Killed Crazy Yiuf
  2197 | D:4      | Reached skill level 9 in Stealth
  2197 | D:4      | Reached XP level 7. HP: 34/34 MP: 7/7
  2200 | D:4      | Got a brightly glowing dagger
  2201 | D:4      | Identified the cursed +1 dagger of Plunder {speed, -Tele *Rage rPois Dex+8} (You found it on level 4 of the Dungeon)
  2241 | D:4      | Noticed Eustachio
  2263 | D:4      | Killed Eustachio
  2350 | D:4      | Found Osipuyggo's Antique Armour Shoppe.
  2455 | D:4      | Reached skill level 10 in Stealth
  2727 | D:5      | Entered Level 5 of the Dungeon
  2844 | D:5      | Gained mutation: You have razor-sharp teeth. [Vine Stalker growth]
  2844 | D:5      | Reached XP level 8. HP: 38/38 MP: 8/8
  2906 | D:5      | Found Vodul's Distillery.
  2909 | D:5      | Bought a potion of haste for 140 gold pieces
  3030 | D:5      | Reached skill level 5 in Short Blades
  3204 | D:5      | Reached skill level 11 in Stealth
  3706 | D:6      | Reached skill level 1 in Dodging
  3775 | D:6      | Found a glowing drain.
  3779 | Sewer    | Entered a sewer
  3826 | Sewer    | Noticed Purgy
  3828 | Sewer    | Killed Purgy
  3979 | D:6      | Noticed Blork the orc
  3984 | D:6      | Killed Blork the orc
  4091 | D:6      | Found a stormy altar of Qazlal.
  4216 | D:6      | Reached XP level 9. HP: 37/44 MP: 9/9
  4336 | D:6      | Found a staircase to the Ecumenical Temple.
  4407 | D:6      | Reached skill level 12 in Stealth
  4502 | Temple   | Entered the Ecumenical Temple
  4532 | Temple   | Became a worshipper of Uskayaw the Reveler
  4951 | D:6      | Reached * piety under Uskayaw
  4953 | D:6      | Reached ** piety under Uskayaw
  4957 | D:6      | Reached *** piety under Uskayaw
  4960 | D:6      | Reached **** piety under Uskayaw
  4963 | D:6      | Reached ***** piety under Uskayaw
  5063 | D:7      | Got a scorched cloak
  5074 | D:7      | Identified the +1 cloak "Doecu" {*Contam +Inv rF+ Slay+2} (You found it on level 7 of the Dungeon)
  5117 | D:7      | Got a faintly humming buckler
  5126 | D:7      | Identified the +1 buckler "Haur" {-Cast +Fly rPois} (You found it on level 7 of the Dungeon)
  5173 | D:7      | Reached skill level 1 in Shields
  5551 | D:7      | Got a faintly humming ring mail
  5562 | D:7      | Identified the +1 ring mail "Dety" {rElec rC++ SInv} (You found it on level 7 of the Dungeon)
  5609 | D:8      | Noticed MirrMurr's ghost (novice GrWz)
  5626 | D:8      | Killed MirrMurr's ghost
  5626 | D:8      | Reached skill level 5 in Shields
  5639 | D:8      | Reached ****** piety under Uskayaw
  5641 | D:8      | Reached XP level 10. HP: 49/49 MP: 10/10
  5673 | D:8      | Got a dull robe
  5684 | D:8      | Identified the +1 robe "Ruygiuck" {+Fly rF+ rC- Dex+8} (You found it on level 8 of the Dungeon)
  5791 | D:8      | Noticed a two-headed ogre
  5803 | D:8      | Killed a two-headed ogre
  5803 | D:8      | Reached skill level 1 in Evocations
  5859 | D:8      | Found Xonehuo's Assorted Antiques.
  5889 | D:8      | Found Ruciriut's Jewellery Boutique.
  6011 | D:8      | Noticed a two-headed ogre
  6023 | D:8      | Killed a two-headed ogre
  6179 | D:8      | Found Sioc's Antique Armour Emporium.
  6485 | D:9      | Noticed Psyche
  6489 | D:9      | Killed Psyche
  6490 | D:9      | Reached skill level 13 in Stealth
  6749 | D:9      | Reached XP level 11. HP: 53/53 MP: 13/13
  6750 | D:9      | Reached skill level 5 in Armour
  6857 | D:10     | Entered Level 10 of the Dungeon
  7035 | D:10     | Found Reahuer's Assorted Antiques.
  7077 | D:10     | Noticed a centaur warrior
  7109 | D:10     | Killed a centaur warrior
  7190 | D:10     | Noticed a two-headed ogre
  7235 | D:10     | Killed a two-headed ogre
  7387 | D:10     | Reached skill level 14 in Stealth
  7452 | D:10     | Reached skill level 5 in Evocations
  7703 | D:8      | Bought the ring "Joavon" {rN++ Stlth+} for 385 gold pieces
  7793 | D:10     | Found Ynumiom's Magic Scroll Emporium.
  7910 | D:10     | Found a staircase to the Orcish Mines.
  8142 | D:11     | Noticed a five-headed hydra
  8173 | D:11     | Killed a five-headed hydra
  8219 | D:11     | Reached skill level 5 in Fighting
  8259 | D:11     | Found a staircase to the Lair.
  8356 | D:11     | Gained mutation: You heal very quickly. [Vine Stalker growth]
  8356 | D:11     | Reached XP level 12. HP: 60/60 MP: 15/15
  8377 | D:11     | Found a frozen archway.
  8421 | IceCv    | Entered an ice cave
  8433 | IceCv    | Reached skill level 5 in Dodging
  8827 | IceCv    | Noticed a frost giant
  8827 | IceCv    | Noticed a death yak
  8853 | IceCv    | Killed a death yak
  8861 | IceCv    | Killed a frost giant
  8867 | IceCv    | Reached skill level 15 in Stealth
  8908 | IceCv    | Reached XP level 13. HP: 48/68 MP: 14/17
  9432 | D:11     | Noticed Urug
  9440 | D:11     | Killed Urug
  9716 | Lair:1   | Entered Level 1 of the Lair of Beasts
 11346 | Lair:3   | Found a staircase to the Snake Pit.
 11630 | Lair:3   | Reached XP level 14. HP: 71/75 MP: 16/18
 11818 | Lair:3   | Found a staircase to the Shoals.
 12171 | Lair:4   | Found a dark tunnel.
 12181 | Volcano  | Entered a volcano
 12224 | Volcano  | Reached skill level 16 in Stealth
 12309 | Volcano  | Reached skill level 10 in Fighting
 13168 | Lair:5   | Noticed Rupert
 13173 | Lair:5   | Found a staircase to the Slime Pits.
 13524 | Lair:5   | Killed Rupert
 13960 | Lair:5   | Identified a scroll of acquirement
 14039 | Lair:6   | Entered Level 6 of the Lair of Beasts
 14045 | Lair:6   | Reached skill level 10 in Dodging
 14510 | Lair:6   | Reached XP level 15. HP: 82/82 MP: 20/20
 15741 | Orc:1    | Entered Level 1 of the Orcish Mines
 15748 | Orc:1    | Noticed an orc warlord
 15781 | Orc:1    | Killed an orc warlord
 16050 | Orc:2    | Entered Level 2 of the Orcish Mines
 16051 | Orc:2    | Found Egigyshott's Weapon Boutique.
 16073 | Orc:2    | Reached skill level 17 in Stealth
 16303 | Orc:2    | Noticed Donald
 16352 | Orc:2    | Killed Donald
 16354 | Orc:2    | Got a faintly glowing shield
 16378 | Orc:2    | Identified the +5 shield "Ginelarph" {SInv} (You took it off Donald on level 2 of the Orcish Mines)
 16412 | Orc:2    | Found a staircase to the Elven Halls.
 16511 | Orc:2    | Paralysed by an orc sorcerer for 4 turns
 16536 | Orc:2    | Found Migatu Erun's Book Emporium.
 16627 | Orc:2    | Found an ancient bone altar of Kikubaaqudgha.
 16628 | Orc:2    | Noticed Nergalle
 16630 | Orc:2    | Found Imegouc's Gadget Emporium.
 16646 | Orc:2    | Killed Nergalle
 16712 | Orc:2    | Found a roughly hewn altar of Beogh.
 16712 | Orc:2    | Found Baezo's Magic Scroll Shoppe.
 16720 | Orc:2    | Found Feraf's Antique Armour Emporium.
 16753 | Orc:2    | Bought an ancient ring mail for 198 gold pieces
 16763 | Orc:2    | Identified the +0 ring mail of Luch {rPois Str+4 Int-4} (You bought it in a shop on level 2 of the Orcish Mines)
 16783 | Orc:2    | Found a radiant altar of Vehumet.
 17079 | Orc:2    | Found a roughly hewn altar of Beogh.
 17780 | Snake:1  | Entered Level 1 of the Snake Pit
 18375 | Snake:1  | Reached skill level 10 in Evocations
 18495 | Snake:1  | Reached XP level 16. HP: 88/88 MP: 22/22
 18680 | Snake:2  | Noticed a nagaraja
 18694 | Snake:2  | Killed a nagaraja
 19013 | Snake:2  | Noticed a nagaraja
 19025 | Snake:2  | Killed a nagaraja
 19421 | Snake:2  | Noticed Vashnia
 19451 | Snake:2  | HP: 4/90 [naga warrior/trident (5)]
 19452 | Snake:2  | Slain by a naga warrior

Vault maps used:
D:1:      scummos_arrival_simple_fountains, supply_closet_lemuel
D:3:      st_stairs_14, xom_teletrap_fun, uniq_terence
D:4:      first_bread, serial_shops, shop_statue, uniq_crazy_yiuf_cottage,
          uniq_eustachio, uniq_duvessa
D:5:      serial_shops, kennysheep_mini
D:6:      cheibrodos_helix_gallery, minmay_temple_entry_poolview,
          gup_sewer_entry_bowl, nicolae_qazlal_general_emergency,
          uniq_blork_the_orc
D:8:      serial_shops, kennysheep_mini_moat, shop, shop
D:9:      uniq_psyche
D:10:     erik_orc_1, serial_shops, shop, nicolae_shop_waterfront,
          david_nohive_1
D:11:     david_lair_generic, portal_ice_cave_rime, uniq_urug
Temple:   nicolae_temple_the_god_donut
Lair:1:   lemuel_slime, pond, grunt_megastairs_5
Lair:2:   serial_bayou_shore_b
Lair:3:   shoals_dummy_entry, guppyfry_snake_entry_garden,
          minmay_stone_trees_small
Lair:4:   enter_volcano_2
Lair:5:   beast_lair_carwin_large_3, minmay_slime_entry_pillars, uniq_rupert
Lair:6:   evilmike_catoblepas_cave, nicolae_quartered_pool_little, st_stairs_7,
          minmay_lair_oklob_chamber
Snake:2:  serial_shops, shop, serial_corexii_hall, corexii_hall_statues_i,
          corexii_hall_statues_deadend, corexii_hall_statues_l,
          corexii_hall_statues_x, hangedman_snake_corridor_split, uniq_vashnia
Orc:2:    kennysheep_orc_mage_school, serial_shops, nicolae_shop_waterfront,
          minmay_orc_temple_b, uniq_donald
Sewer:    kennysheep_door_sewer
IceCv:    ice_cave_caverns_03
Volcano:  volcano_pools

Skill      XL: |  1  2  3  4  5  6  7  8  9 10 11 12 13 14 15 16 |
---------------+-------------------------------------------------+-----
Stealth        | 5 6 7 8 9 10 11 12 13 14 15 16 17 | 17.5
Short Blades   | 2 3 4 5 |  5.3
Dodging        | 2 3 4 6 8 10 11 | 11.6
Fighting       | 3 4 5 7 9 11 12 | 12.7
Shields        | 5 6 7 8 |  8.4
Armour         | 4 6 |  6.6
Evocations     | 3 5 6 7 9 10 | 10.2
Throwing       | |  1.7

Action                   |  1- 3 |  4- 6 |  7- 9 | 10-12 | 13-15 | 16-18 || total
-------------------------+-------+-------+-------+-------+-------+-------++-------
Melee: Dagger            |    62 |    97 |   339 |   715 |  1153 |   206 ||  2572
       Bite              |    10 |    25 |   145 |   381 |   618 |   126 ||  1305
       Short sword       |       |     2 |       |       |       |       ||     2
 Abil: Evoke Invisibilit |       |       |       |       |       |     1 ||     1
  Use: Scroll            |       |     4 |     6 |     8 |    13 |       ||    31
       Potion            |       |     1 |       |       |       |     1 ||     2
 Stab: Sleeping          |    14 |    17 |    27 |    16 |    86 |    11 ||   171
       Paralysed         |       |       |     5 |    32 |    77 |    16 ||   130
       Distracted        |       |       |     1 |     3 |     9 |     1 ||    14
       Confused          |       |       |       |     1 |       |       ||     1
       Invisible         |       |       |       |       |       |     1 ||     1
  Eat: Chunk             |       |     4 |     5 |    11 |    30 |     2 ||    52
       Royal jelly       |       |       |     3 |       |       |       ||     3
       Fruit             |       |       |       |       |     3 |     1 ||     4
Armor: Robe              |    16 |    15 |    26 |       |       |       ||    57
       Ring mail         |       |       |     1 |    86 |   103 |    10 ||   200
Dodge: Dodged            |    23 |    25 |   125 |   359 |   546 |    74 ||  1152
Block: Buckler           |       |       |    11 |   178 |   243 |       ||   432
       Shield            |       |       |       |       |   130 |   121 ||   251
